 Dungeon Crawl Stone Soup version 0.30-a0-305-g026cb31310 (webtiles) character file.

Game seed: 11323180552121655093

3732 Bnni the Frost Mage (level 9, -8/112 HPs)
             Began as a Demigod Ice Elementalist on Oct 23, 2022.
             Mangled by a skeletal warrior
             ... wielding a +1 trident of venom
              (11 damage)
             ... on level 7 of the Dungeon.
             The game lasted 00:23:38 (8049 turns).

Bnni the Frost Mage (Demigod Ice Elementalist)      Turns: 8049, Time: 00:23:38

Health: -8/112     AC: 34    Str:  9    XL:     9   Next: 61%
Magic:  16/33      EV:  2    Int: 29    God:
Gold:   359        SH:  0    Dex: 14    Spells: 5/23 levels left

rFire   . . .      SeeInvis .    z - +2 long sword (holy)
rCold   . . .      Faith    .    (no shield)
rNeg    . . .      Spirit   .    (body armour currently unavailable)
rPois   +          Reflect  .    (helmet currently unavailable)
rElec   .          Harm     .    (cloak currently unavailable)
rCorr   .          Rampage  .    (gloves currently unavailable)
Will    +....      NoTele   +    (boots currently unavailable)
Stlth   ++........               r - amulet of the acrobat
HPRegen 0.38/turn                p - ring of magical power
MPRegen 0.23/turn                s - ring of willpower

@: brilliant, ice-armoured (expiring), tree-form
A: stationary, stasis, torment immunity, boosted hp, high MP 1, forlorn, divine
attributes
a: no special abilities


You were on level 7 of the Dungeon.
You were a tree.
You visited 1 branch of the dungeon, and saw 7 of its levels.

You collected 359 gold pieces.

Inventory:

Hand Weapons
 i - a +3 spear of venom
 z - a +2 long sword of holy wrath (weapon)
Missiles
 n - 20 poisoned darts
 u - a throwing net
Armour
 a - a +0 robe (melded)
 m - a +0 pair of gloves (melded)
 y - a +0 cloak (melded)
 A - a +2 pair of boots (melded)
Jewellery
 p - a ring of magical power (left branch)
 r - an amulet of the acrobat (around neck)
 s - a ring of willpower (right branch)
 E - the ring "Etroodue" {Fire Contam rCorr Str+3 SInv}
   (You found it on level 6 of the Dungeon)

   [ring of fire]

   It enhances your fire magic.
   Str:       It affects your strength (+3).
   rF:        It protects you from fire.
   rC:        It makes you vulnerable to cold.
   SInv:      It lets you see invisible.
   Contam:    It causes magical contamination when unequipped.
   rCorr:     It protects you from acid and corrosion.
 G - a ring of ice
Wands
 t - a wand of charming (16)
 v - a wand of roots (9)
Scrolls
 d - 4 scrolls of immolation
 e - a scroll of enchant armour
 f - a scroll of amnesia
 g - a scroll of vulnerability
 j - 4 scrolls of butterflies
 k - 2 scrolls of fear
 l - 3 scrolls of teleportation
 D - a scroll of torment
Potions
 b - 2 potions of magic
 o - a potion of haste {unknown}
 q - 2 potions of might
 F - a potion of mutation {unknown}


   Skills:
 + Level 5.8 Fighting
 - Level 1.7 Dodging
 - Level 1.7 Stealth
 * Level 7.6 Spellcasting
 * Level 9.3 Ice Magic


You had 5 spell levels left.
You knew the following spells:

 Your Spells              Type           Power      Damage    Failure   Level
a - Freeze                Ice            100%       1d10      1%          1
b - Frozen Ramparts       Ice            100%       1d16      1%          3
c - Ozocubu's Armour      Ice            78%        N/A       1%          3
d - Summon Ice Beast      Ice/Summ       54%        N/A       7%          4
e - Ensorcelled Hibernat  Hex/Ice        100%       N/A       1%          2
f - Metabolic Englaciati  Hex/Ice        27%        N/A       21%         5

Your spell library contained the following spells:

 Spells                   Type           Power      Damage    Failure   Level
 Shock                    Conj/Air       64%        1d7       4%          1
 Searing Ray              Conj           32%        2d5       8%          2
 Stone Arrow              Conj/Erth      32%        3d9       14%         3
 Animate Dead             Necr           16%        N/A       43%         4
 Lightning Bolt           Conj/Air       8%         1d20      80%         5
 Simulacrum               Ice/Necr       27%        N/A       73%         6
 Haunt                    Necr/Summ      8%         N/A       100%        7
 Infestation              Necr           8%         N/A       100%        8
 Dragon's Call            Summ           8%         N/A       100%        9


Dungeon Overview and Level Annotations

Branches:
Dungeon (7/15)             Temple (0/1) D:5

Shops:
D:3 (


Innate Abilities, Weirdness & Mutations

You are a tree.
Your roots penetrate the ground, keeping you stationary.
You cannot be teleported.
You are immune to unholy pain and torment.
Your maximum health is greatly increased.
Your equipment is partially melded.
You have an increased reservoir of magic. (+10% MP)
You shall have no god before yourself.
Your divine heritage dramatically boosts your attributes as you level up.


Message History

A skeletal warrior comes into view. It is wielding a +0 glaive.
You cannot teleport because you are held in place by your roots.
As you read the scroll labelled ZUHUD CEJALLOX, it crumbles to dust.
It is a scroll of enchant armour.
Your +1 pair of boots glows green for a moment.
You flicker back into view.
The skeletal warrior resists.
The wall freezes the skeletal warrior.
The skeletal warrior hits you but does no damage.
As you read the scroll labelled XEKLUEM ORADI, it crumbles to dust.
You hear a loud clanging noise!
It was a scroll of noise.
The frozen ramparts melt away.
The skeletal warrior completely misses you.
As you read the scroll labelled AWNOUSHR BEEL, it crumbles to dust.
You feel aware of your surroundings.
It was a scroll of magic mapping.
Your icy armour starts to melt.
The skeletal warrior hits you but does no damage.
The skeletal warrior hits you from afar with a +0 glaive!
Your ice beast hits the skeletal warrior but does no damage.
As you read the scroll labelled JUNGUY FAAMUP BIL, it crumbles to dust.
You feel a surge of unholy energy.
Your ice beast convulses!
It was a scroll of torment.
The skeletal warrior hits you from afar with a +1 trident of venom!!
* * * LOW HITPOINT WARNING * * *
The skeletal warrior hits you from afar with a +0 glaive.
* * * LOW HITPOINT WARNING * * *
Your ice beast hits the skeletal warrior.
Your ice beast freezes the skeletal warrior.
The skeletal warrior resists.
The air fills with toxic fumes!
As you read the scroll labelled AKES KADUEHIUG, it crumbles to dust.
It was a scroll of poison.
The skeletal warrior hits you from afar with a +1 trident of venom!
* * * LOW HITPOINT WARNING * * *
Your ice beast barely misses the skeletal warrior.
The skeletal warrior hits you but does no damage.
It was a potion of brilliance.
You feel clever all of a sudden.
The skeletal warrior hits you from afar with a +1 trident of venom!
You die...

**,#.........##...............
*,##.§§§§§§§#§§§§§§§.##......
**,...§§§§§§§§§§§§§§§####.....
***,,...§§§§§§§§§§§§§### #......
**,,,,...§§§§§§§§§§§§##§###......
*,,,,,..z§§§§§§§§§§§§§§§.##......
**,,,,,,,,#§§§z§§§§§§§§§†........
***,,[.o....#zY§§§§§§§§........#
***.......##§♣§§§§§§§.........
**...#...*##§§§§§§§§.......#.
***,..,#...,#§§§§§§§§§.........
*,,,.,,....,#§§§§§§§§§....#....
**,,,,..#.#*##§§§#§§§#....##...
*,,,.####* #§§####§§§#........
**,,,* ##§§#..§§§......##. *,,,**
#§§§....§§......#** *,,,*
##..#.......#####


You could see 2 skeletal warriors and a friendly ice beast (summoned).

Vanquished Creatures
  The ghost of foxfromabyss the Chopper, a novice DsGl of Kikubaaqudgha (D:6)
  A water moccasin (D:7)
  2 black bears (D:5)
  An orc warrior (D:4)
  4 ice beasts
  2 ogres
  A sky beast (D:7)
  2 centaurs
  A kobold brigand (D:7)
  3 phantoms
  2 bullfrogs
  A gnoll sergeant (D:5)
  2 necrophages
  3 scorpions
  2 wights (D:7)
  A jelly (D:6)
  A gnoll bouda (D:5)
  5 orc priests
  A water moccasin simulacrum (D:6)
  Crazy Yiuf (D:3)
  5 hounds
  4 orc wizards
  7 iguanas
  6 adders
  6 gnolls
  3 white imps
  An ufetubus (D:5)
  A worm (D:2)
  4 dart slugs
  25 orcs
  7 ball pythons
  5 endoplasms
  6 giant cockroaches
  5 goblins
  6 hobgoblins
  5 jackals
  13 kobolds
  4 quokkas
  8 bats
  A frilled lizard (D:3)
  5 rats
164 creatures vanquished.

Vanquished Creatures (collateral kills)
  2 scorpions (D:5)
  2 wights
  A jelly (D:7)
  A water moccasin simulacrum (D:6)
  3 gnolls (D:5)
  5 orcs
14 creatures vanquished.

Vanquished Creatures (others)
  A fungus (D:3)
1 creature vanquished.

Grand Total: 179 creatures vanquished

Notes
Turn   | Place    | Note
-------+----------+-------------------------------------------
     0 | D:1      | Bnni the Demigod Ice Elementalist began the quest for the
                  | Orb.
     0 | D:1      | Reached XP level 1. HP: 14/14 MP: 5/5
   265 | D:1      | Reached XP level 2. HP: 22/22 MP: 4/7
   481 | D:1      | Reached skill level 4 in Ice Magic
   556 | D:1      | You fall into a shaft and drop 1 floor!
   822 | D:2      | Reached skill level 1 in Fighting
   916 | D:2      | Reached XP level 3. HP: 27/28 MP: 4/8
   979 | D:2      | Learned a level 3 spell: Frozen Ramparts
  1157 | D:2      | Got the Lessons on Gelid Adjuration
  2094 | D:3      | Reached XP level 4. HP: 23/36 MP: 10/10
  2384 | D:3      | Found Raasa's Weapon Emporium.
  2625 | D:3      | Found a runed translucent door.
  2628 | D:3      | Noticed Crazy Yiuf
  2637 | D:3      | Learned a level 3 spell: Ozocubu's Armour
  2641 | D:3      | Killed Crazy Yiuf
  2642 | D:3      | Reached XP level 5. HP: 41/41 MP: 11/12
  2824 | D:4      | Noticed an ogre
  2830 | D:4      | Reached skill level 5 in Ice Magic
  2830 | D:4      | Killed an ogre
  2910 | D:4      | Got Ysiczejo's Omnibus of Confrontation
  2967 | D:4      | Reached XP level 6. HP: 50/50 MP: 14/14
  2972 | D:4      | Learned a level 4 spell: Summon Ice Beast
  3451 | D:4      | Reached skill level 6 in Ice Magic
  3451 | D:4      | Reached XP level 7. HP: 49/57 MP: 13/16
  3716 | D:5      | Entered Level 5 of the Dungeon
  4378 | D:5      | Reached skill level 5 in Spellcasting
  4386 | D:5      | Reached skill level 7 in Ice Magic
  4386 | D:5      | Reached XP level 8. HP: 11/66 MP: 13/19
  4881 | D:5      | Found a staircase to the Ecumenical Temple.
  5836 | D:6      | Reached skill level 8 in Ice Magic
  5991 | D:6      | Found a runed translucent gate.
  5992 | D:6      | Found a runed translucent gate.
  6119 | D:6      | Learned a level 2 spell: Ensorcelled Hibernation
  6191 | D:6      | Learned a level 5 spell: Metabolic Englaciation
  6501 | D:6      | Reached skill level 5 in Fighting
  6501 | D:6      | Reached XP level 9. HP: 49/74 MP: 22/22
  6585 | D:6      | Noticed foxfromabyss's ghost (novice DsGl)
  6613 | D:6      | Found a runed translucent gate.
  7020 | D:6      | Killed foxfromabyss's ghost
  7208 | D:6      | Got the ring "Etroodue" {Fire Contam rCorr Str+3 SInv}
  7359 | D:6      | Reached skill level 9 in Ice Magic
  7998 | D:7      | Noticed a skeletal warrior
  8038 | D:7      | Noticed a skeletal warrior
  8043 | D:7      | Noticed a skeletal warrior
  8048 | D:7      | HP: 3/112 [skeletal warrior/+1 trident of venom (13)]
  8049 | D:7      | Mangled by a skeletal warrior

Illustrated notes

Levels and vault maps discovered:
D:1:      dpeg_arrival_tiny_e, layout_basic, grunt_decor_cap,
          minmay_misc_feat_hallway
D:2:      layout_loops_corners, kennysheep_generic_room_3
D:3:      layout_rooms, serial_shops, shop, uniq_crazy_yiuf_cottage
D:4:      layout_basic, serial_glass, glass_columns_a, glass_columns_c,
          grunt_ministairs_1
D:5:      minmay_inner_zag, layout_cave_pods, nicolae_uskayaw_suspiria,
          nicolae_overflow_hidden_temple, minmay_temple_entry_statues_fountains,
          grunt_decor_fettered, grunt_ministairs_9, cheibrodos_gnoll_hut
D:6:      layout_gridville, general_overflow_altar, gammafunk_ghost_icy,
          kennysheep_generic_room_11
D:7:      layout_cave_pools

Skill      XL: |  1  2  3  4  5  6  7  8  9 |
---------------+----------------------------+-----
Spellcasting   | 2 3 4 5 6 7 |  7.6
Ice Magic      | 4 5 6 7 8 9 |  9.3
Fighting       | 1 2 3 4 5 |  5.8
Dodging        | |  1.7
Stealth        | |  1.7

Action                   |  1- 3 |  4- 6 |  7- 9 || total
-------------------------+-------+-------+-------++-------
Melee: Unarmed           |    28 |       |       ||    28
       Mace              |    19 |    30 |       ||    49
       Quarterstaff      |       |    35 |    34 ||    69
       Spear             |       |       |   238 ||   238
       Long sword        |       |       |     6 ||     6
       Punch             |       |       |     3 ||     3
 Cast: Freeze            |    56 |    17 |    40 ||   113
       Frozen Ramparts   |     2 |     8 |    24 ||    34
       Ozocubu's Armour  |       |     7 |    15 ||    22
       Summon Ice Beast  |       |       |    19 ||    19
       Ensorcelled Hiber |       |       |     2 ||     2
Evoke: Wand              |       |       |     1 ||     1
  Use: Scroll            |       |    10 |     6 ||    16
       Potion            |       |       |     7 ||     7
 Stab: Sleeping          |     2 |     1 |     6 ||     9
       Distracted        |       |       |     2 ||     2
Armor: Robe              |    27 |    25 |   132 ||   184
       Skin              |       |       |     9 ||     9
Dodge: Dodged            |    56 |    57 |   195 ||   308

Table legend: (Time is in decaauts)
 A = Elapsed time spent in this place.
 B = Non-inter-level travel time spent in this place.
 C = Inter-level travel time spent in this place.
 D = Time resting spent in this place.
 E = Time spent auto-exploring this place.
 F = Levels seen in this place.
 G = Mean time per level.
                   A        B        C        D        E       F      G
               +--------+--------+--------+--------+--------+-----+--------+
         Total |   8113 |   7818 |    295 |    750 |   5590 |   7 | 1159.0 |
       Dungeon |   8113 |   7818 |    295 |    750 |   5590 |   7 | 1159.0 |
               +--------+--------+--------+--------+--------+-----+--------+

Top non-repeatable levels by time:
     D:5: 2027 daAuts
     D:6: 1879 daAuts
     D:2: 1132 daAuts
     D:4: 955 daAuts
     D:1: 885 daAuts
     D:3: 776 daAuts
     D:7: 456 daAuts
